 Dungeon Crawl Stone Soup version 0.32-a0-120-gfac0567ad4 (webtiles) character file.

Game seed: 6682832479409783009

898 Ceno the Sneak (level 8, -1/36 HPs)
             Began as a Vine Stalker Earth Elementalist on Feb 7, 2024.
             Slain by an orc
             ... wielding a +0 flail
              (7 damage)
             ... on level 5 of the Dungeon.
             The game lasted 00:12:19 (4911 turns).

Ceno the Sneak (Vine Stalker Earth Elementalist)    Turns: 4911, Time: 00:12:20

Health: -1/36      AC:  5    Str: 11    XL:     8   Next: 7%
Magic:  0/16       EV: 11    Int: 17    God:
Gold:   230        SH:  5    Dex: 15    Spells: 9/16 levels left

rFire   . . .        f - +1 dagger
rCold   . . .        (no shield)
rNeg    . . .        d - +0 leather armour
rPois   .            s - +1 helmet
rElec   .            (no cloak)
rCorr   .            (no gloves)
SInv    .            (no boots)
Will    +....        h - amulet of reflection
Stlth   +++          (no ring)
HPRegen 1.06/turn    (no ring)
MPRegen 0.15/turn

%: reflection, guardian spirit
@: no status effects
A: fangs 3, regeneration 1, magic shield, antimagic bite, no potion heal 2
a: no special abilities


You were on level 5 of the Dungeon.
You visited 1 branch of the dungeon, and saw 6 of its levels.

You collected 230 gold pieces.

Inventory:

Hand Weapons
 f - a +1 dagger (weapon)
 t - a +0 rapier
Missiles
 g - 38 stones (quivered)
 w - 6 poisoned darts
Armour
 a - a +0 robe
 d - a +0 leather armour (worn)
 s - a +1 helmet (worn)
Jewellery
 h - an amulet of reflection (around neck)
 l - a ring of fire
Scrolls
 c - a scroll of blinking {unknown}
 e - a scroll of acquirement {unknown}
 i - a scroll of fear {unknown}
 m - a scroll of enchant weapon
 o - a scroll of teleportation {unknown}
 q - 3 scrolls of enchant armour {unknown}
Potions
 b - a potion of magic
 j - 2 potions of mutation {unknown}
 k - a potion of ambrosia
 n - a potion of heal wounds
 p - 2 potions of curing {unknown}
 r - a potion of brilliance {unknown}
 u - 2 potions of attraction {unknown}
 v - a potion of haste {unknown}


   Skills:
 - Level 1.5 Dodging
 + Level 7.0 Stealth
 + Level 4.6 Spellcasting
 + Level 4.1 Conjurations
 + Level 5.2 Earth Magic


You had 9 spell levels left.
You knew the following spells:

 Your Spells              Type           Power      Damage    Failure   Level
a - Sandblast             Erth           42%        2d11      2%          1
b - Passwall              Erth           21%        N/A       7%          3
c - Stone Arrow           Conj/Erth      38%        3d9       9%          3

Your spell library contained the following spells:

 Spells                   Type           Power      Damage    Failure   Level
 Foxfire                  Conj/Fire      44%        2x1d6     9%          1
 Brom's Barrelling Bould  Conj/Erth      19%        2d4       28%         4
 Petrify                  Alch/Erth      12%        N/A       54%         4
 Plasma Beam              Fire/Air       1%         2x1d11    100%        6
 Starburst                Conj/Fire      5%         6d4       100%        6


Dungeon Overview and Level Annotations

Branches:
Dungeon (6/15)
 Temple: D:4-7

Altars:
Trog

Shops:
D:6 [


Innate Abilities, Weirdness & Mutations

You have razor-sharp teeth.
Your natural rate of healing is unusually fast.
When hurt, damage is shared between your health and your magic reserves.
Your bite disrupts and absorbs the magic of your enemies.
Potions cannot restore your health.


Message History

Nothing appears to happen.
The orc warrior hits you with a +0 scimitar.
You hit the orc warrior but do no damage.
Your bite misses the orc warrior.
The orc warrior is almost dead.
The orc warrior hits you but does no damage.
You hit the orc warrior.
You kill the orc warrior!
Your Stealth skill increases to level 7!
You have reached level 8!
You feel stronger.
Your teeth grow very long and razor-sharp.
You start resting.
Your magical contamination has completely faded away.
You start resting.
HP restored.
You climb downwards.
The orc hits you with a +0 flail.
The orc hits you but does no damage. x2; The orc closely misses you.
The orc hits you with a +0 flail. You block the orc's attack.
The orc hits you with a +0 mace. The orc barely misses you.
There is a stone staircase leading up, spattered with blood here.
You block the orc's attack. The orc closely misses you. x2
The orc hits you with a +0 flail.
You climb upwards.
There is a stone staircase leading down, spattered with blood here.
You hit the orc.
The orc is lightly wounded.
The orc hits you with a +0 mace. The orc hits you with a +0 flail!
The orc hits you with a +0 flail.
You hit the orc. Your punch misses the orc.
The orc is moderately wounded.
The orc hits you with a +0 mace. The orc barely misses you.
The orc hits you with a +0 flail.
* * * LOW HITPOINT WARNING * * *
You hit the orc.
The orc is heavily wounded.
The orc hits you but does no damage. The orc hits you with a +0 flail.
* * * LOW HITPOINT WARNING * * *
The orc hits you with a +0 flail!
You die...

########...######.# #.#
#########.## #.# #.#
#...<...#.# #.# ##.#
#.ß...ß.#.# #.# #..#
#.......#.# #.### #..#
#.ß...ß.#.# #...# #..#
#...)...#.# ####.#####..#
#.ß...ß.#.# #ooo........#
#.......#.# #@##.#####.##
####'###### #o##.#####.#
##...###.# #.#.[......#
..>......#######.#..#######
.......÷............#
##.#.#.#.#######....###
#...#.#.# #.<....#
##...#.#.# ##...#.#
.#...#.#.# ##.##.#


You could see 4 orcs.

Vanquished Creatures
  Sigmund (D:2)
  A black bear (D:5)
  An orc warrior (D:5)
  A phantom (D:5)
  A bombardier beetle (D:3)
  4 hounds
  2 sleepcaps
  2 iguanas (D:5)
  3 orc wizards (D:5)
  4 adders
  2 ufetubi (D:5)
  3 ribbon worms
  5 dart slugs
  8 orcs
  4 ball pythons
  6 bats
  10 endoplasms
  A giant cockroach (D:1)
  3 goblins
  4 hobgoblins
  9 jackals
  2 quokkas
  4 frilled lizards
  9 kobolds
  6 rats
96 creatures vanquished.

Notes
Turn   | Place    | Note
-------+----------+-------------------------------------------
     0 | D:1      | Ceno the Vine Stalker Earth Elementalist began the quest
                  | for the Orb.
     0 | D:1      | Reached XP level 1. HP: 9/9 MP: 4/4
   168 | D:1      | Reached XP level 2. HP: 13/13 MP: 3/6
   170 | D:1      | Reached skill level 3 in Stealth
   602 | D:1      | Reached XP level 3. HP: 16/16 MP: 4/7
   606 | D:1      | Learned a level 3 spell: Passwall
   610 | D:1      | Learned a level 3 spell: Stone Arrow
  1269 | D:2      | Noticed Sigmund
  1364 | D:2      | Killed Sigmund
  1365 | D:2      | Reached skill level 5 in Stealth
  1365 | D:2      | Reached XP level 4. HP: 16/21 MP: 1/9
  1365 | D:2      | Reached XP level 5. HP: 19/24 MP: 1/10
  1447 | D:2      | Found a bloodstained altar of Trog.
  1610 | D:2      | Found a faded altar of an unknown god.
  1774 | D:2      | Reached XP level 6. HP: 28/28 MP: 8/11
  3735 | D:5      | Entered Level 5 of the Dungeon
  3856 | D:4      | Reached skill level 6 in Stealth
  3856 | D:4      | Reached XP level 7. HP: 28/32 MP: 6/13
  4529 | D:5      | Reached skill level 5 in Earth Magic
  4835 | D:6      | Found a bloodstained altar of Trog.
  4873 | D:6      | Found Hotydos's Antique Armour Boutique.
  4885 | D:5      | Reached skill level 7 in Stealth
  4885 | D:5      | Gained mutation: You have razor-sharp teeth. [Vine Stalker
                  | growth]
  4885 | D:5      | Reached XP level 8. HP: 15/36 MP: 0/16
  4911 | D:5      | Slain by an orc

Illustrated notes

Levels and vault maps discovered:
D:1:      minmay_arrival_five_plusses, layout_basic
D:2:      minmay_inner_zag, layout_loops_ring, basic_altar,
          hellmonk_ecumenical_altar_leap_of_faith, hangedman_decor_peaks_small,
          serial_bayou_pond_d, uniq_sigmund
D:3:      layout_loops_cross
D:4:      layout_loops_corners
D:5:      layout_loops_ring, grunt_ministairs_3, wad_floor_pattern_1
D:6:      layout_basic, lemuel_round_altar, old_standard_altar, serial_shops,
          nicolae_stop_n_shop_2, chequers_serial_rivers_room_b

Skill      XL: |  1  2  3  4  5  6  7 |
---------------+----------------------+-----
Stealth        | 3 5 6 7 |  7.0
Spellcasting   | 3 4 |  4.6
Conjurations   | 2 3 4 |  4.1
Earth Magic    | 4 5 |  5.2
Dodging        | |  1.5

Action                     |  1- 3 |  4- 6 |  7- 9 || total
---------------------------+-------+-------+-------++-------
  Melee: Dagger            |    18 |   111 |    75 ||   204
         Bite              |     1 |    29 |    26 ||    56
         Punch             |       |     8 |     8 ||    16
  Throw: Stone             |       |       |     3 ||     3
   Cast: Sandblast         |    39 |    38 |    20 ||    97
         Passwall          |     1 |     4 |     1 ||     6
         Stone Arrow       |       |     1 |     5 ||     6
    Use: Scroll            |       |       |     3 ||     3
   Stab: Sleeping          |    10 |    15 |     1 ||    26
 Armour: Leather armour    |    13 |    72 |    65 ||   150
  Dodge: Dodged            |     7 |    68 |    37 ||   112
  Block: Other             |     2 |    36 |    14 ||    52

Table legend: (Time is in decaauts)
 A = Elapsed time spent in this place.
 B = Non-inter-level travel time spent in this place.
 C = Inter-level travel time spent in this place.
 D = Time resting spent in this place.
 E = Time spent auto-exploring this place.
 F = Levels seen in this place.
 G = Mean time per level.
                   A        B        C        D        E       F      G
               +--------+--------+--------+--------+--------+-----+--------+
         Total |   4964 |   4789 |    175 |    264 |   3379 |   6 |  827.3 |
       Dungeon |   4964 |   4789 |    175 |    264 |   3379 |   6 |  827.3 |
               +--------+--------+--------+--------+--------+-----+--------+

Top non-repeatable levels by time:
     D:4: 1123 daAuts
     D:2: 1079 daAuts
     D:5: 1076 daAuts
     D:1: 1005 daAuts
     D:3: 650 daAuts
     D:6: 29 daAuts
